 Dungeon Crawl Stone Soup version 0.18.1-50-g88ac8fd (webtiles) character file.

33 varam the Sneak (level 3, 15/16 HPs)
             Began as a Spriggan Enchanter on Oct 21, 2016.
             Quit the game on level 2 of the Dungeon.
             The game lasted 00:02:01 (803 turns).

varam the Sneak (Spriggan Enchanter)                 Turns: 803, Time: 00:02:02

Health: 15/16      AC:  3    Str:  4    XL:     3   Next: 12%
Magic:  8/8        EV: 18    Int: 17    God:
Gold:   36         SH:  0    Dex: 16    Spells: 2 memorised, 4 levels left

rFire  . . .     SeeInvis +     a - +1 dagger
rCold  . . .     Gourm    .     b - +1 robe
rNeg   . . .     Faith    .     (shield restricted)
rPois  .         Spirit   .     (helmet restricted)
rElec  .         Dismiss  .     (no cloak)
rCorr  .         Reflect  .     (gloves unavailable)
SustAt .         Harm     .     (boots unavailable)
MR     .....                    (no amulet)
Stlth  ++++......               (no ring)
                                (no ring)

@: drained, very quick, not resistant to hostile enchantments, stealthy
A: unfitting armour, see invisible, herbivore 3, speed 3, slow metabolism 2
a: no special abilities


You were on level 2 of the Dungeon.
You were not hungry.

You visited 1 branch of the dungeon, and saw 2 of its levels.

You collected 36 gold pieces.

Inventory:

Hand Weapons
 a - a +1 dagger (weapon)
 l - a +2 dagger of draining
Armour
 b - a +1 robe (worn)
Jewellery
 g - an uncursed ring of ice {unknown}
 m - an uncursed ring of ice {unknown}
Scrolls
 f - a scroll of enchant weapon {unknown}
 h - 4 scrolls of remove curse {unknown}
 j - a scroll of identify {unknown}
 k - a scroll of noise {unknown}
Potions
 e - a potion of might {unknown}
 i - a potion of ambrosia {unknown}
Books
 c - a book of Maledictions

   Spells                             Type                      Level
   a - Corona                         Hexes                        1
   b - Ensorcelled Hibernation        Hexes/Ice                    2
   c - Confuse                        Hexes                        3
   d - Tukima's Dance                 Hexes                        3
   e - Dazzling Spray                 Conjuration/Hexes            3
Comestibles
 d - 3 bread rations


   Skills:
 - Level 1.1(1.0) Short Blades
 - Level 3.0(2.9) Dodging
 + Level 6.5(6.4) Stealth
 - Level 2.6(2.5) Spellcasting
 - Level 3.6(3.5) Hexes


You had 4 spell levels left.
You knew the following spells:

 Your Spells              Type           Power        Failure   Level  Hunger
a - Ensorcelled Hibernat  Hex/Ice        #.....       17%         2    ##.....
b - Corona                Hex            ##.....      4%          1    #......


Dungeon Overview and Level Annotations

Branches:
Dungeon (2/15)

Altars:
Dithmenos
Xom


Innate Abilities, Weirdness & Mutations

You are tiny and cannot use many weapons and most armour.
You have supernaturally acute eyesight.
You are a herbivore.
You cover ground extremely quickly.
You need consume almost no food.


Message History

You hit the bat.
You kill the bat!
No target in view!
No target in view!
A hobgoblin comes into view.
The hobgoblin closely misses you.
You closely miss the hobgoblin. The hobgoblin completely misses you.
You hit the hobgoblin.
The hobgoblin is heavily wounded.
The hobgoblin hits you but does no damage.
You hit the hobgoblin.
The hobgoblin is severely wounded.
You hit the hobgoblin.
You kill the hobgoblin!
No target in view!
Done exploring.
Done exploring.
Search for what [? for help]?
Okay, then.
Are you sure you want to abandon this character and quit the game? (Confirm with "yes".)

# #.#.#####....#########.#.# #. #
#.#..........# #.#.# #. #
#.#.........## #.#.###. #
#.#)........# #.#...#. #
###.#.[.......# #.###.#. #
#...#.##################.#.#.#.
#.#.#.##....(................#.
#.###.##............####.#####.
###.....##......@................
....######................#######
....# #.........##.##### ....#
#.........##.# ....#
############.# ....# #.#######
....# #[......# .#### #######(#
.# #.#


There were no monsters in sight!

Vanquished Creatures
  An adder (D:2)
  A worm (D:2)
  4 goblins
  3 hobgoblins (D:2)
  A quokka (D:2)
  6 bats
  A giant newt (D:1)
  4 rats (D:1)
21 creatures vanquished.

Notes
Turn   | Place    | Note
--------------------------------------------------------------
     0 | D:1      | varam the Spriggan Enchanter began the quest for the Orb.
     0 | D:1      | Reached XP level 1. HP: 9/9 MP: 5/5
   121 | D:1      | Reached skill level 5 in Stealth
   227 | D:1      | Found a shimmering altar of Xom.
   306 | D:2      | Reached XP level 2. HP: 13/13 MP: 6/6
   310 | D:2      | Learned a level 2 spell: Ensorcelled Hibernation
   389 | D:2      | Reached skill level 6 in Stealth
   451 | D:2      | Found a shadowy altar of Dithmenos.
   627 | D:2      | Reached XP level 3. HP: 11/16 MP: 5/8
   803 | D:2      | Quit the game

Skill      XL: |  1  2 |
---------------+-------+-----
Stealth        | 5 6 |  6.5
Short Blades   | |  1.1
Dodging        | |  3.0
Spellcasting   | |  2.6
Hexes          | |  3.6

Action                   || total
-------------------------++-------
Melee: Dagger            ||    45
 Cast: Ensorcelled Hiber ||     3
 Stab: Sleeping          ||    13
Armor: Robe              ||     7
Dodge: Dodged            ||    15
